 Dungeon Crawl Stone Soup version 0.25-a0-189-gf71692caf1 (console) character file.

Game seed: 4193473018642350460, levelgen mode: deterministic

525 Kagalorn the Thaumaturge (level 7, 0/32 HPs)
             Began as a Spriggan Enchanter on Nov 29, 2019.
             Was an Initiate of Gozag.
             Splashed by Pikel's acid (15 damage)
             ... on level 5 of the Dungeon.
             The game lasted 00:14:38 (3877 turns).

Kagalorn the Thaumaturge (Spriggan Enchanter)       Turns: 3877, Time: 00:14:39

Health: 0/32       AC:  2    Str:  4    XL:     7   Next: 2%
Magic:  0/19       EV: 17    Int: 18    God:    Gozag
Gold:   190        SH:  5    Dex: 17    Spells: 16/22 levels left

rFire    . . .     SeeInvis +   a - +1 dagger
rCold    . . .     Gourm    .   g - +0 buckler
rNeg     . . .     Faith    .   b - +0 robe
rPois    .         Spirit   +   (helmet restricted)
rElec    .         Reflect  .   B - scarf {Spirit}
rCorr    .         Harm     .   (gloves unavailable)
MR       +....                  (boots unavailable)
Stlth    +++.......             y - amulet of regeneration
HPRegen  0.50/turn              (no ring)
MPRegen  0.16/turn              (no ring)

@: very quick
A: very small, unfitting armour, see invisible, herbivore, speed 3, slow
metabolism 2
a: Potion Petition, Call Merchant, Bribe Branch, Renounce Religion


You were on level 5 of the Dungeon.
You worshipped Gozag.
Gozag was aware of your devotion.
You were not hungry.

You visited 1 branch of the dungeon, and saw 5 of its levels.

You collected 592 gold pieces.
You spent 378 gold pieces at shops.
You paid 24 gold pieces to Gozag.

Inventory:

Hand Weapons
 a - a +1 dagger (weapon)
Missiles
 k - 123 stones (quivered)
 r - 11 poisoned darts
 v - 20 sling bullets
 w - 24 bolts
Armour
 b - a +0 robe (worn)
 g - a +0 buckler (worn)
 m - a +0 cloak
 B - a scarf of spirit shield (worn)
Jewellery
 h - an uncursed ring of see invisible {unknown}
 i - a cursed ring of attention {unknown}
 y - an amulet of regeneration (around neck)
 F - a +3 ring of dexterity {unknown}
 G - a +5 ring of intelligence {unknown}
Wands
 o - a wand of iceblast (10)
Scrolls
 c - 4 scrolls of magic mapping {unknown}
 e - 4 scrolls of enchant armour {unknown}
 l - 2 scrolls of fog {unknown}
 q - 2 scrolls of fear {unknown}
 s - 6 scrolls of remove curse {unknown}
 z - 3 scrolls of enchant weapon {unknown}
 A - 3 scrolls of amnesia
 C - 4 scrolls of teleportation
 K - 2 scrolls of blinking
Potions
 f - 2 potions of lignification
 j - 3 potions of magic
 n - 7 potions of curing {unknown}
 p - a potion of haste {unknown}
 t - a potion of agility {unknown}
 u - a potion of might {unknown}
 x - a potion of mutation
 E - a potion of brilliance
 H - a potion of heal wounds
 I - a potion of cancellation
Comestibles
 d - 5 rations


   Skills:
 - Level 1.1 Short Blades
 - Level 3.0 Dodging
 - Level 4.4 Stealth
 * Level 8.3 Spellcasting
 - Level 5.0 Hexes
 - Level 1.0 Ice Magic


You had 16 spell levels left.
You knew the following spells:

 Your Spells              Type           Power        Failure   Level  Hunger
a - Ensorcelled Hibernat  Hex/Ice        ###...       7%          2    None
b - Confuse               Hex            ####....     6%          3    None
c - Corona                Hex            ####...      1%          1    None

Your spell library contained the following spells:

 Spells                   Type           Power        Failure   Level  Hunger
 Tukima's Dance           Hex            ####....     6%          3    None
 Dazzling Spray           Conj/Hex       ###...       17%         3    None


Dungeon Overview and Level Annotations

Branches:
Dungeon (5/15)             Temple (0/1) D:5

Altars:
Gozag
Uskayaw

Shops:
D:4 ?%

Annotations:
D:5 Pikel


Innate Abilities, Weirdness & Mutations

You are very small and have problems with some larger weapons.
You are too small for most types of armour.
You have supernaturally acute eyesight. (SInv)
You are a herbivore.
You cover ground extremely quickly.
You need to consume almost no food.


Message History

Aim: Pikel, wielding a +1 whip of flaming, wearing a +2 robe of magic resistance and carrying a wand of acid (7) (chance to defeat MR: 17%) Pikel resists with almost no effort.
A slave comes into view.
Pikel completely misses you.
Casting: Ensorcelled Hibernation (safe; 7% risk of failure)
Confirm with . or Enter, or press ? or * to list all spells.
Aiming: Ensorcelled Hibernation (safe; 7% risk of failure)
Press: ? - help, Shift-Dir - straight line, f/p - Pikel
Aim: Pikel, wielding a +1 whip of flaming, wearing a +2 robe of magic resistance and carrying a wand of acid (7) (chance to defeat MR: 17%) Pikel resists with almost no effort.
Pikel hits you with a +1 whip of flaming.
Pikel burns you.
Casting: Ensorcelled Hibernation (safe; 7% risk of failure)
Confirm with . or Enter, or press ? or * to list all spells.
You don't have enough magic to cast that spell.
Pikel closely misses you. The slave misses you.
Unknown command.
Pikel zaps a wand.
The bolt of acid hits you!
You are splashed with acid!
You die...
Your body crumbles into a pile of gold.

##.....##.# ##......
#.p..## .....###..
##...###....## ###.
##....#.## ##...
###.p.....# ####...#
##..Kp..######.....##
#..#.....# #........
#.......## #........
##..@...# ##........
#.<...#####.........
##....###....#....##
###..#......#.)..#
##.....##..)...#
#....###......##
#...##..........
##..###.........
#.###..........


You could see Pikel and 2 slaves.

Vanquished Creatures
  An ogre (D:4)
  A howler monkey (D:4)
  A hound (D:5)
  3 orc priests (D:4)
  Ijyb (D:5)
  3 worker ants
  A gnoll (D:1)
  8 adders
  An ooze (D:2)
  An adder skeleton (D:4)
  4 worms
  A dart slug (D:3)
  4 leopard geckos
  3 orcs
  9 bats
  A giant cockroach (D:1)
  8 goblins
  8 hobgoblins
  3 jackals (D:3)
  A quokka (D:2)
  A ball python (D:3)
  8 frilled lizards
  9 kobolds
  A leopard gecko skeleton (D:4)
  8 rats
90 creatures vanquished.

Notes
Turn   | Place    | Note
-------+----------+-------------------------------------------
     0 | D:1      | Kagalorn the Spriggan Enchanter began the quest for the
                  | Orb.
     0 | D:1      | Reached XP level 1. HP: 9/9 MP: 5/5
   299 | D:1      | Reached XP level 2. HP: 13/13 MP: 6/6
   306 | D:1      | Learned a level 2 spell: Ensorcelled Hibernation
   323 | D:1      | Reached skill level 3 in Spellcasting
   969 | D:2      | Reached XP level 3. HP: 11/16 MP: 1/8
  1333 | D:2      | Found an opulent altar of Gozag.
  1397 | D:2      | Became a worshipper of Gozag Ym Sagoz the Greedy
  1447 | D:2      | Reached skill level 5 in Hexes
  1516 | D:2      | Reached skill level 4 in Spellcasting
  1516 | D:2      | Reached XP level 4. HP: 18/21 MP: 11/11
  1617 | D:2      | Learned a level 3 spell: Confuse
  2216 | D:3      | Reached skill level 1 in Ice Magic
  2352 | D:3      | Reached skill level 5 in Spellcasting
  2363 | D:3      | Reached XP level 5. HP: 21/24 MP: 6/13
  3081 | D:4      | Noticed an ogre
  3132 | D:4      | Reached skill level 6 in Spellcasting
  3192 | D:4      | Found Hyclosoefra's Food Boutique.
  3257 | D:4      | Killed an ogre
  3257 | D:4      | Reached skill level 7 in Spellcasting
  3257 | D:4      | Reached XP level 6. HP: 28/28 MP: 1/17
  3402 | D:4      | Found Colawnum's Magic Scroll Boutique.
  3462 | D:4      | Bought a scroll of teleportation for 36 gold pieces
  3462 | D:4      | Bought a scroll of random uselessness for 12 gold pieces
  3462 | D:4      | Bought a scroll of teleportation for 36 gold pieces
  3462 | D:4      | Bought a scroll of amnesia for 42 gold pieces
  3462 | D:4      | Bought a scroll of noise for 12 gold pieces
  3462 | D:4      | Bought a scroll of identify for 24 gold pieces
  3462 | D:4      | Bought a scroll of blinking for 90 gold pieces
  3462 | D:4      | Bought a scroll of blinking for 90 gold pieces
  3462 | D:4      | Bought a scroll of teleportation for 36 gold pieces
  3685 | D:5      | Entered Level 5 of the Dungeon
  3730 | D:5      | Found a hide-covered altar of Uskayaw.
  3767 | D:5      | Reached skill level 8 in Spellcasting
  3785 | D:5      | Noticed a slave
  3791 | D:5      | Noticed Ijyb
  3807 | D:5      | Killed Ijyb
  3807 | D:5      | Reached XP level 7. HP: 17/32 MP: 10/19
  3858 | D:5      | Noticed Pikel
  3861 | D:5      | Found a staircase to the Ecumenical Temple.
  3877 | D:5      | Splashed by Pikel's acid

Levels and vault maps discovered:
D:1:      zelgadis_glass_arrival_small, layout_loops_ring, nrook_campfire,
          chequers_serial_rivers_micro_a, minmay_misc_feat_ornament,
          minmay_misc_feat_cross, minivault_26, minmay_ruptured
D:2:      layout_basic, marbit_many_paths, first_ration
D:3:      cheibrodos_helix_gallery, layout_basic
D:4:      layout_loops_ring, serial_shops, shop, shop, chequers_avenue
D:5:      layout_cave_pools, kennysheep_mini_moat,
          gammafunk_temple_overflow_wave, minmay_temple_entry_overgrown,
          basic_altar, uniq_ijyb, uniq_blork_the_orc, uniq_pikel, uniq_edmund

Skill      XL: |  1  2  3  4  5  6 |
---------------+-------------------+-----
Hexes          | 4 5 |  5.0
Spellcasting   | 3 4 5 7 8 |  8.3
Ice Magic      | 1 |  1.0
Short Blades   | |  1.1
Dodging        | |  3.0
Stealth        | |  4.4

Action                   |  1- 3 |  4- 6 |  7- 9 || total
-------------------------+-------+-------+-------++-------
Melee: Dagger            |   148 |   192 |       ||   340
 Cast: Ensorcelled Hiber |    10 |    36 |     2 ||    48
       Confuse           |       |     6 |       ||     6
  Use: Scroll            |       |     7 |       ||     7
 Stab: Sleeping          |    12 |    34 |       ||    46
       Confused          |       |     5 |       ||     5
  Eat: Ration            |       |     1 |       ||     1
Armor: Robe              |    18 |    16 |       ||    34
Dodge: Dodged            |   115 |   128 |     3 ||   246
Block: Buckler           |    19 |    38 |       ||    57

Table legend:
 A = Non-vault XP
 B = Vault XP
 C = Vault XP percentage of total XP
 D = Non-vault monster count
 E = Vault monster count
 F = Vault count percentage of total count
                 A         B        C        D         E       F
            +---------+---------+-------+---------+---------+-------
      Total |     708 |      43 |   5.7 |      83 |       7 |   7.8
            +---------+---------+-------+---------+---------+-------
        D:1 |      35 |       3 |   7.9 |      15 |       3 |  16.7
        D:2 |     104 |       1 |   1.0 |      28 |       1 |   3.4
        D:3 |      71 |       3 |   4.1 |      23 |       2 |   8.0
        D:4 |     400 |       0 |   0.0 |      13 |       0 |   0.0
        D:5 |      98 |      36 |  26.9 |       4 |       1 |  20.0
            +---------+---------+-------+---------+---------+-------
